 Dungeon Crawl Stone Soup version 0.26.0-91-g99b343417d (webtiles) character file.

Game seed: 5236560046357394692

16076 Groucho the Unseen (level 12, -3/51 HPs)
             Began as a Spriggan Enchanter on Feb 3, 2021.
             Was an Elder of Wu Jian.
             Slain by a skeletal warrior
             ... wielding a +0 long sword
              (9 damage)
             ... on level 13 of the Dungeon.
             The game lasted 00:41:34 (22959 turns).

Groucho the Unseen (Spriggan Enchanter)            Turns: 22959, Time: 00:41:35

Health: -3/51      AC:  7    Str:  7    XL:     12   Next: 6%
Magic:  17/28      EV: 32    Int: 23    God:    Wu Jian [****..]
Gold:   505        SH:  0    Dex: 18    Spells: 21/33 levels left

rFire    . . .     SeeInvis +   O - +9 dagger (venom)
rCold    . . .     Faith    .   (shield restricted)
rNeg     . . .     Spirit   .   p - +2 robe {Will+}
rPois    .         Reflect  .   (helmet restricted)
rElec    .         Harm     .   E - +2 cloak
rCorr    .         Rampage  .   (gloves unavailable)
Will     +++..                  (boots unavailable)
Stlth    ++++++....             (no amulet)
HPRegen  0.17/turn              r - +4 ring of evasion
MPRegen  0.21/turn              H - +6 ring of intelligence

@: mighty, confusing touch, very quick
A: very small, unfitting armour, see invisible, speed 3
a: Renounce Religion, Wall Jump, Serpent's Lash


You were on level 13 of the Dungeon.
You worshipped Wu Jian.
Wu Jian was greatly pleased with you.
You visited 2 branches of the dungeon, and saw 14 of its levels.

You collected 703 gold pieces.
You spent 198 gold pieces at shops.

Inventory:

Hand Weapons
 a - a +2 dagger
 M - a +2 short sword of electrocution
 N - a +1 short sword of freezing
 O - a +9 dagger of venom (weapon)
Missiles
 f - 413 stones (quivered)
 G - 13 poisoned darts
 I - 2 curare-tipped darts
Armour
 p - a +2 robe of willpower (worn)
 E - a +2 cloak (worn)
 P - +0 acid dragon scales
Jewellery
 i - a cursed ring of teleportation
 r - a +4 ring of evasion (left hand)
 v - an uncursed amulet of faith
 y - a +4 ring of evasion
 A - a cursed amulet of inaccuracy
 H - a +6 ring of intelligence (right hand)
 L - the ring "Piabbit" {rN+ Int+6, unknown}
   (You found it on level 8 of the Dungeon)

   [ring of intelligence]

   It affects your intelligence (+6).
   It protects you from negative energy.
Wands
 D - a wand of disintegration (15)
 R - a wand of iceblast (10)
Scrolls
 c - 5 scrolls of teleportation
 d - 2 scrolls of amnesia
 g - 5 scrolls of fog
 h - 11 scrolls of identify
 k - 2 scrolls of noise
 l - a scroll of fear {unknown}
 t - a scroll of enchant armour {unknown}
 u - 4 scrolls of remove curse
 w - a scroll of immolation
 x - a scroll of magic mapping {unknown}
 C - a scroll of blinking {unknown}
Potions
 b - a potion of haste
 e - 5 potions of curing
 j - a potion of ambrosia
 m - a potion of degeneration
 n - 2 potions of flight
 o - a potion of might
 s - 5 potions of resistance
 z - 2 potions of attraction {unknown}
 B - a potion of invisibility
 F - a potion of brilliance {unknown}
 J - a potion of berserk rage {unknown}
 K - a potion of cancellation {unknown}
 Q - a potion of magic {unknown}


   Skills:
 + Level 9.1 Short Blades
 + Level 11.9 Dodging
 - Level 15.0 Stealth
 + Level 11.0 Spellcasting
 + Level 11.3 Hexes


You had 21 spell levels left.
You knew the following spells:

 Your Spells              Type           Power        Failure   Level
a - Corona                Hex            66%          1%          1
b - Ensorcelled Hibernat  Hex/Ice        76%          1%          2
c - Confusing Touch       Hex            60%          1%          3
d - Tukima's Dance        Hex            60%          1%          3
e - Dazzling Flash        Conj/Hex       76%          1%          3

Your spell library contained the following spells:

 Spells                   Type           Power        Failure   Level


Dungeon Overview and Level Annotations

Branches:
Dungeon (13/15)            Temple (1/1) D:7            Lair (0/6) D:9
    Orc (0/2) D:9          Vaults (0/5) D:13

Altars:
Ashenzari
Cheibriados
Dithmenos
Elyvilon
Fedhas
Gozag
Hepliaklqana
Kikubaaqudgha
Makhleb
Nemelex Xobeh
Okawaru
Qazlal
Ru
Sif Muna
Trog
Uskayaw
Vehumet
Wu Jian
Xom
Yredelemnul
Zin
The Shining One

Shops:
D:4 *   D:7 *

Annotations:
D:11 2 transporters, lasso's ghost, journeyman DECj


Innate Abilities, Weirdness & Mutations

You are very small and have problems with some larger weapons.
You are too small for most types of armour.
You have supernaturally acute eyesight. (SInv)
You cover ground extremely quickly.


Message History

You hit the skeletal warrior but do no damage.
The skeletal warrior hits you with a +0 long sword!
You hit the skeletal warrior but do no damage.
You completely miss the skeletal warrior.
The skeletal warrior hits you with a +0 long sword!
You hit the skeletal warrior but do no damage.
You hit the skeletal warrior but do no damage.
The skeletal warrior completely misses you.
You hit the skeletal warrior but do no damage.
You hit the skeletal warrior but do no damage.
The skeletal warrior misses you.
You hit the skeletal warrior but do no damage.
You hit the skeletal warrior but do no damage.
The skeletal warrior hits you with a +0 long sword!!
* * * LOW HITPOINT WARNING * * *
You hit the skeletal warrior but do no damage.
It was a potion of might.
You feel very mighty all of a sudden.
The skeletal warrior hits you with a +0 long sword!
You die...

#############
#......)....# ###
#.#########.# ..# #.#
#.# #.### #.# #.#
....# #.# ######.##
#.#.####.####..z@...#
#.#..........)####..#
.........<....# #..#
#.######.##.#.# #..#
#.# #.##...# #.## #.#
#.#....# #.# #..
#######..# ### #..
#∩....#..# ###.
#.....#..#


You could see a skeletal warrior.

Vanquished Creatures
  An ironheart preserver (D:13)
  A two-headed ogre (D:10)
  2 centaur warriors
  An unseen horror (D:10)
  3 ugly things
  A manticore (D:11)
  Maggie (D:9)
  A gargoyle (D:13)
  A troll (D:13)
  2 meliai zombies
  3 slime creatures
  A vampire (D:9)
  8 yaks
  A basilisk (D:9)
  4 wyverns
  A human (D:7)
  5 water moccasins (D:9)
  2 orc warriors
  9 ogres
  2 sky beasts
  6 black bears
  An ice beast (D:11)
  A necrophage (D:9)
  A wolf (D:9)
  7 centaurs
  An elf zombie (D:9)
  3 big kobolds
  4 bullfrogs
  2 gnoll sergeants
  A wyvern skeleton (D:12)
  4 scorpions
  A troll zombie (D:9)
  9 killer bees
  6 wights (D:9)
  5 howler monkeys
  3 bullfrog zombies
  5 human zombies (D:9)
  2 bullfrog skeletons
  A gnoll shaman (D:9)
  7 orc priests
  2 centaur skeletons
  6 hounds
  6 jellies
  12 orc wizards
  Jessica (D:3)
  2 iguanas
  7 worker ants
  2 killer bee zombies
  A hound skeleton (D:5)
  A mummy (D:9)
  2 worker ant zombies
  21 gnolls
  A howler monkey skeleton (D:5)
  17 adders
  3 river rats (D:4)
  2 shadow imps (D:5)
  A white imp (D:8)
  3 worms
  2 dart slugs (D:3)
  2 leopard geckos (D:4)
  39 orcs
  2 bat zombies (D:3)
  6 giant cockroaches
  4 goblins
  5 hobgoblins
  8 jackals
  22 kobolds
  6 quokkas
  9 bats
  4 frilled lizards
  A jackal skeleton (D:7)
  A leopard gecko skeleton (D:6)
  A quokka skeleton (D:6)
  A quokka zombie (D:6)
  21 rats
  2 rat zombies (D:3)
346 creatures vanquished.

Vanquished Creatures (collateral kills)
  2 orc warriors
  5 orcs
7 creatures vanquished.

Vanquished Creatures (others)
  A bullfrog skeleton (D:2)
  A leopard gecko zombie (D:5)
  2 fungi (D:9)
  23 plants
27 creatures vanquished.

Grand Total: 380 creatures vanquished

Notes
Turn   | Place    | Note
-------+----------+-------------------------------------------
     0 | D:1      | Groucho the Spriggan Enchanter began the quest for the Orb.
     0 | D:1      | Reached XP level 1. HP: 9/9 MP: 5/5
   406 | D:1      | Reached XP level 2. HP: 8/13 MP: 6/6
   561 | D:1      | Learned a level 2 spell: Ensorcelled Hibernation
   573 | D:1      | Reached skill level 5 in Stealth
  1757 | D:2      | Reached XP level 3. HP: 16/16 MP: 8/8
  1765 | D:2      | Found a radiant altar of Vehumet.
  1783 | D:2      | Found a blossoming altar of Fedhas.
  1786 | D:2      | Found a shimmering blue altar of Sif Muna.
  1786 | D:2      | Found a bloodstained altar of Trog.
  1788 | D:2      | Found a glowing silver altar of Zin.
  1788 | D:2      | Found an ornate altar of the Wu Jian Council.
  1788 | D:2      | Found a shimmering altar of Xom.
  2839 | D:2      | Reached skill level 6 in Stealth
  3305 | D:2      | Reached XP level 4. HP: 21/21 MP: 10/10
  3458 | D:3      | Learned a level 3 spell: Confusing Touch
  4024 | D:3      | Found a sparkling altar of Nemelex Xobeh.
  4065 | D:3      | Noticed Jessica
  4270 | D:3      | Killed Jessica
  4330 | D:3      | Found a hide-covered altar of Uskayaw.
  4715 | D:3      | Reached skill level 7 in Stealth
  4729 | D:3      | Found an ancient bone altar of Kikubaaqudgha.
  4825 | D:3      | Reached XP level 5. HP: 24/24 MP: 10/12
  5765 | D:4      | Noticed an ogre
  5802 | D:5      | Entered Level 5 of the Dungeon
  5857 | D:4      | Killed an ogre
  5858 | D:4      | Reached skill level 8 in Stealth
  5858 | D:4      | Reached skill level 5 in Hexes
  5858 | D:4      | Reached XP level 6. HP: 28/28 MP: 5/13
  6173 | D:4      | Reached skill level 9 in Stealth
  6299 | D:4      | Found Pochereo's Assorted Antiques.
  6389 | D:4      | Reached skill level 5 in Spellcasting
  6389 | D:4      | Reached XP level 7. HP: 32/32 MP: 5/15
  7318 | D:4      | Learned a level 3 spell: Tukima's Dance
  7322 | D:4      | Learned a level 3 spell: Dazzling Flash
  8412 | D:5      | Reached skill level 10 in Stealth
  8650 | D:5      | Found an ornate altar of the Wu Jian Council.
  8657 | D:5      | Became a worshipper of the Wu Jian Council
  8696 | D:5      | Found a blossoming altar of Fedhas.
  8915 | D:5      | Found an iron altar of Okawaru.
  8947 | D:5      | Found a stormy altar of Qazlal.
 10139 | D:6      | Found an opulent altar of Gozag.
 10147 | D:6      | Reached XP level 8. HP: 34/36 MP: 12/17
 10820 | D:7      | Reached skill level 5 in Dodging
 11426 | D:7      | Found a staircase to the Ecumenical Temple.
 11482 | D:7      | Found a runed translucent door.
 11486 | D:7      | Found a basalt altar of Yredelemnul.
 11512 | D:7      | Reached skill level 11 in Stealth
 12394 | D:7      | Found Lororem's General Store.
 12400 | D:7      | Bought a +2 cloak for 198 gold pieces
 12557 | Temple   | Entered the Ecumenical Temple
 12684 | D:8      | Reached * piety under Wu Jian
 12705 | D:8      | Found a glowing golden altar of the Shining One.
 13187 | D:8      | Reached XP level 9. HP: 37/39 MP: 8/20
 14318 | D:8      | Reached skill level 5 in Short Blades
 14723 | D:8      | Found a bloodstained altar of Trog.
 14816 | D:8      | Reached skill level 12 in Stealth
 15199 | D:8      | Got a scorched iron ring
 15977 | D:9      | Reached ** piety under Wu Jian
 16576 | D:9      | Found an ancient bone altar of Kikubaaqudgha.
 16634 | D:9      | Reached XP level 10. HP: 44/44 MP: 18/23
 17074 | D:9      | Found a staircase to the Orcish Mines.
 17162 | D:9      | Found a staircase to the Lair.
 17180 | D:9      | Reached *** piety under Wu Jian
 17210 | D:10     | Entered Level 10 of the Dungeon
 17946 | D:9      | Noticed Maggie
 17950 | D:9      | Killed Maggie
 17951 | D:9      | Reached skill level 13 in Stealth
 19179 | D:9      | Found a white marble altar of Elyvilon.
 19901 | D:10     | Reached skill level 10 in Dodging
 19901 | D:10     | Reached skill level 10 in Hexes
 20327 | D:10     | Noticed a two-headed ogre
 20333 | D:10     | Killed a two-headed ogre
 20334 | D:10     | Reached XP level 11. HP: 47/47 MP: 25/25
 20406 | D:10     | Noticed an unseen horror
 20426 | D:10     | Killed an unseen horror
 20631 | D:10     | Reached **** piety under Wu Jian
 20736 | D:11     | Reached skill level 10 in Spellcasting
 20767 | D:11     | Reached skill level 14 in Stealth
 20855 | D:11     | Noticed a centaur warrior
 20866 | D:11     | Killed a centaur warrior
 21341 | D:11     | Noticed a brown ugly thing
 21374 | D:11     | Killed a brown ugly thing
 21863 | D:11     | Found a transporter.
 21864 | D:11     | Identified the +11 great mace of False Accusations {freeze,
                  | rElec rF+ rC+ Str+4}
 21864 | D:11     | Noticed a two-headed ogre
 21868 | D:11     | Noticed lasso's ghost (journeyman DECj)
 21871 | D:11     | Found a transporter.
 21874 | D:11     | Noticed a two-headed ogre
 21930 | D:11     | Noticed a white ugly thing
 21937 | D:11     | HP: 2/47 [white ugly thing (33)]
 21944 | D:11     | Killed a white ugly thing
 22408 | D:12     | Noticed a purple ugly thing
 22416 | D:12     | Killed a purple ugly thing
 22881 | D:13     | Noticed a centaur warrior
 22884 | D:13     | Killed a centaur warrior
 22901 | D:13     | Noticed a skeletal warrior
 22901 | D:13     | Noticed a skeletal warrior
 22902 | D:13     | Noticed a skeletal warrior
 22902 | D:13     | Noticed a skeletal warrior
 22903 | D:13     | Found a gate to the Vaults.
 22903 | D:13     | Noticed an ironheart preserver
 22935 | D:13     | Killed an ironheart preserver
 22936 | D:13     | Reached skill level 15 in Stealth
 22936 | D:13     | Reached XP level 12. HP: 51/51 MP: 24/28
 22959 | D:13     | Slain by a skeletal warrior

Illustrated notes

Levels and vault maps discovered:
D:1:      dpeg_arrival_simpleton_c, layout_loops_corners
D:2:      layout_basic, doesnt_xom_only_xom, fiery_altar_vehumet,
          ebering_dispersal_statue_hall
D:3:      layout_basic, eat_drink_and_be_merry_uskayaw,
          lemuel_zombie_altar_kikubaaqudgha, lemuel_crystal_altar, uniq_jessica
D:4:      layout_basic, gup_sewer_entry_bubbles, serial_shops,
          nicolae_shop_overgrown_old_shop, small_statue_alley_b, minmay_rat_hole
D:5:      layout_basic, okawaru_trees_1, nicolae_overflow_crystal_walls,
          lemuel_crystal_altar, gup_sewer_entry_glass, grunt_qazlal_clouds
D:6:      layout_loops_corners, nicolae_gozag_seed_capital,
          minmay_increasing_density
D:7:      layout_rooms, minmay_temple_entry_wispy, serial_shops,
          nicolae_shop_stone, st_stairs_9, dk_yredelemnul_ordeal
D:8:      layout_basic, kennysheep_mini_moat, trog_ov_bears_minmay
D:9:      layout_loops_ring, old_standard_altar, minmay_lair_entry_grove,
          hiddenorc1_lemuel, lemuel_mausoleum_altar_kikubaaqudgha, uniq_psyche,
          uniq_maggie
D:10:     layout_basic
D:11:     layout_long_grid, gammafunk_ghost_smash, minmay_tree_intersection
D:12:     layout_basic, basic_altar, minmay_holes
D:13:     layout_loops_ring, skrybe_vaults_entry_preservation,
          gauntlet_entry_generic, uniq_maurice
Temple:   eino_temple_lava

Skill      XL: |  1  2  3  4  5  6  7  8  9 10 11 |
---------------+----------------------------------+-----
Stealth        | 5 6 7 8 9 10 11 12 13 15 | 15.0
Spellcasting   | 3 4 5 7 8 9 11 | 11.0
Hexes          | 4 5 6 7 8 10 11 | 11.3
Short Blades   | 2 4 5 7 9 |  9.1
Dodging        | 4 6 8 10 11 | 11.9

Action                   |  1- 3 |  4- 6 |  7- 9 | 10-12 || total
-------------------------+-------+-------+-------+-------++-------
Melee: Dagger            |   100 |   143 |   401 |   420 ||  1064
Throw: Stone             |       |       |     2 |       ||     2
 Cast: Ensorcelled Hiber |     8 |    53 |   129 |    88 ||   278
       Confusing Touch   |       |       |    14 |    12 ||    26
       Tukima's Dance    |       |       |     2 |     5 ||     7
       Dazzling Flash    |       |       |       |     5 ||     5
Invok: Lunge             |       |       |    35 |    42 ||    77
       Whirlwind         |       |       |     4 |    70 ||    74
  Use: Scroll            |       |     3 |    10 |     7 ||    20
       Potion            |       |       |     8 |     2 ||    10
 Stab: Sleeping          |    13 |    36 |    95 |    72 ||   216
       Confused          |       |       |    15 |    12 ||    27
       Distracted        |       |       |     2 |     5 ||     7
       Invisible         |       |       |       |     3 ||     3
Armor: Robe              |     8 |    30 |    33 |     9 ||    80
Dodge: Dodged            |    70 |   151 |   286 |   272 ||   779
